AoeStats
← YUPPI

Yucatan

510335265Analyzed
2v2 RM · 2d ago on Sep 30, 2026· 43m 46s· 4 players
Game mode
Random Map
Map size
Medium (4 player)
Population
200
Speed
Normal
Resources
Standard
Victory
Conquest
Starting age
Dark Age
Ending age
Imperial Age
RankedLock teamsTeams togetherTeam positionsShared explorationLock speedFull tech treeHidden civsTurbo modeCheats
Victory
Defeat
🇹🇷 Mongols · Türkiye
1012
+13
🇨🇦 Muisca · Canada
990
+15
🇫🇷 Berbers · France
956
-14
🇹🇷 Franks · Türkiye
954
-33
YUPPI
9:55 Feudal Age
10:37 Double-Bit Axe
16:53 Castle Age
15:31 Fletching
15:48 Gold Mining
16:11 Padded Archer Armor
20:58 Bodkin Arrow
21:40 Husbandry
23:08 Bloodlines
22:49 Loom
24:46 Leather Archer Armor
25:42 Light Cavalry
28:09 Wheelbarrow
31:55 Hand Cart
36:05 Imperial Age
33:22 Town Watch
35:38 Gold Shaft Mining
35:39 Forging
36:46 Town Patrol
37:27 Bracer
37:44 Stone Mining
38:52 Ballistics
39:32 Chemistry
39:04 Scale Barding Armor
40:33 Bow Saw
41:24 Conscription
42:48 Elite Mangudai
43:35 Elite Skirmisher
Gore1021
0:26 Loom
12:08 Feudal Age
12:46 Double-Bit Axe
13:25 Champi Runner
18:11 Scale Mail Armor
22:34 Castle Age
21:45 Forging
23:23 Squires
24:14 Horse Collar
25:02 Bow Saw
26:57 Chain Mail Armor
29:19 Iron Casting
31:05 Champi Warrior
34:15 Fervor
34:05 Gold Mining
34:18 Heavy Plow
38:47 Imperial Age
37:42 Wheelbarrow
37:14 Stone Mining
37:49 Ballistics
38:59 Elite Temple Guard
40:08 Conscription
41:34 Plate Mail Armor
43:55 Hand Cart
SpeakerCorner76
8:16 Loom
10:35 Feudal Age
16:53 Castle Age
15:08 Gold Mining
15:07 Double-Bit Axe
17:24 Fletching
18:14 Wheelbarrow
18:03 Crossbowman
20:33 Horse Collar
21:39 Bow Saw
25:52 Bloodlines
28:53 Ballistics
29:42 Thumb Ring
32:42 Bodkin Arrow
32:47 Padded Archer Armor
34:44 Light Cavalry
35:24 Husbandry
35:45 Scale Barding Armor
40:38 Leather Archer Armor
45:12 Imperial Age
Shōgun
11:06 Feudal Age
10:22 Loom
12:17 Double-Bit Axe
16:32 Castle Age
14:34 Gold Mining
16:24 Fletching
16:34 Padded Archer Armor
17:45 Bow Saw
18:28 Wheelbarrow
Connection lost

Rejoining the realm…

Still unreachable

The connection could not be restored.

Session expired

The server has moved on; the page needs a fresh start.